 Dungeon Crawl Stone Soup version 0.31-a0-232-gb1c03b2570 (webtiles) character file.

Game seed: 6098247500651075226

74 qw the Shooter (level 4, -1/36 HPs)
             Began as a Minotaur Hexslinger on July 7, 2023.
             Slain by Sigmund
             ... wielding a +0 scythe
              (10 damage)
             ... on level 3 of the Dungeon.
             The game lasted 00:00:42 (1949 turns).

qw the Shooter (Minotaur Hexslinger)                Turns: 1949, Time: 00:00:43

Health: -1/36      AC:  7    Str: 13    XL:     4   Next: 10%
Magic:  4/4        EV: 11    Int: 10    God:
Gold:   180        SH:  5    Dex: 14    Spells: 4/5 levels left

rFire   . . .        Y - +2 sling
rCold   . . .        (no shield)
rNeg    . . .        d - +0 ring mail
rPois   +            (helmet restricted)
rElec   .            (no cloak)
rCorr   .            (no gloves)
SInv    .            b - +1 pair of boots
Will    .....        f - amulet of reflection
Stlth   +            h - ring of poison resistance
HPRegen 0.26/turn    (no ring)
MPRegen 0.09/turn

%: reflection
@: no status effects
A: horns 2, retaliatory headbutt
a: no special abilities


You were on level 3 of the Dungeon.
You visited 1 branch of the dungeon, and saw 3 of its levels.

You collected 180 gold pieces.


Innate Abilities, Weirdness & Mutations

You have a pair of horns on your head.
You reflexively headbutt those who attack you in melee.


   Skills:
 - Level 2.0 Fighting
 + Level 4.4 Ranged Weapons
 - Level 1.0 Armour
 - Level 2.1 Dodging
 - Level 1.0 Spellcasting
 - Level 2.0 Hexes


You had 4 spell levels left.
You knew the following spells:

 Your Spells              Type           Power      Damage    Failure   Level
a - Slow                  Hex            16%        N/A       32%         1

Your spell library contained the following spells:

 Spells                   Type           Power      Damage    Failure   Level
 Inner Flame              Hex/Fire       2%         N/A       82%         3
 Portal Projectile        Hex/Tloc       4%         N/A       82%         3
 Cause Fear               Hex            2%         N/A       97%         4

Inventory:

Hand Weapons
 Y - a +2 sling (weapon)
Armour
 b - a +1 pair of boots (worn)
 d - a +0 ring mail (worn)
Jewellery
 f - an amulet of reflection (around neck)
 h - a ring of poison resistance (left hand)
Scrolls
 a - a scroll of identify {unknown}
Potions
 e - a potion of curing
 g - a potion of degeneration {unknown}
 i - a potion of magic {unknown}
 k - a potion of might {unknown}

Dungeon Overview and Level Annotations

Branches:
Dungeon (3/15)

Altars:

Annotations:
D:2 1 runed translucent door, Crazy Yiuf
D:3 Sigmund


Message History

The sling bullet barely misses the quokka.
Sigmund looks at you with fury.
Sigmund hits you from afar with a +0 scythe.
The quokka misses you.
You shoot a sling bullet.
The sling bullet hits the quokka but does no damage.
The quokka bites you but does no damage.
Sigmund gestures wildly while chanting.
Sigmund flickers and vanishes!
Deactivating autopickup; reactivate with Ctrl-A.
You block the quokka's attack.
You shoot a sling bullet. The sling bullet hits the quokka.
The quokka is heavily wounded.
You hear some strange, mumbled words.
Something tries to affect you, but you resist.
The quokka closely misses you. Something hits you!
You shoot a sling bullet. The sling bullet hits the quokka.
The quokka is almost dead.
The quokka barely misses you. You block the quokka's attack.
You shoot a sling bullet. The sling bullet hits the quokka.
You kill the quokka!
Something hits you but does no damage.
You shoot a sling bullet.
You hear some strange, mumbled words.
Something tries to affect you, but you resist.
You hear some strange, mumbled words.
A puff of flame appears from out of thin air!
The puff of flame misses you.
You shoot a sling bullet. Something hits you.
You shoot a sling bullet. Something hits you!
You shoot a sling bullet. You shoot a sling bullet.
Something hits you but does no damage.
You shoot a sling bullet. Something completely misses you.
You shoot a sling bullet. Something hits you!
You die...

#...)..# #.#
######## #.#
#.# ##.#
##..# #..##
#.#####
#.....#
#@....#
#.....).....#
#..[.{..#####
#.......#
.....$..#
.........
.........
.........


There were no monsters in sight!

Vanquished Creatures
  An adder (D:2)
  3 dart slugs
  2 endoplasms (D:2)
  2 giant cockroaches (D:2)
  7 goblins
  8 hobgoblins
  6 jackals (D:1)
  5 kobolds
  5 quokkas
  3 ball pythons
  5 bats
  A frilled lizard (D:1)
  3 rats
51 creatures vanquished.

Notes
Turn   | Place    | Note
-------+----------+-------------------------------------------
     0 | D:1      | qw the Minotaur Hexslinger began the quest for the Orb.
     0 | D:1      | Reached XP level 1. HP: 16/16 MP: 1/1
     0 | D:1      | 0 ||| qw: Version: 0.3-a-46-gb1f654a
     0 | D:1      | 0 ||| qw: Game counter: 2879
     0 | D:1      | 0 ||| qw: Melee chars always use a shield: true
     0 | D:1      | 0 ||| qw: God list: Okawaru
     0 | D:1      | 0 ||| qw: Allow faded altars: false
     0 | D:1      | 0 ||| qw: Do Orc after clearing Dungeon:15 true
     0 | D:1      | 0 ||| qw: Do second Lair branch before Depths: true
     0 | D:1      | 0 ||| qw: Lair rune preference: random
     0 | D:1      | 0 ||| qw: Goals: Normal
     0 | D:1      | 0 ||| PLANNING D:1-11
   218 | D:1      | Reached skill level 3 in Ranged Weapons
   218 | D:1      | Reached XP level 2. HP: 23/23 MP: 2/2
   679 | D:1      | Reached XP level 3. HP: 28/29 MP: 3/3
  1199 | D:1      | 1199 ||| UPGRADING to +0 ring mail.
  1209 | D:1      | 1209 ||| DROPPING +0 robe.
  1210 | D:1      | 1210 ||| UPGRADING to ring of poison resistance.
  1211 | D:1      | 1211 ||| READING scroll labelled OPAVOASEHIMAW.
  1212 | D:1      | 1212 ||| READING 2 scrolls labelled AZAFEF XEXOCAS.
  1213 | D:1      | 1213 ||| READING scroll labelled GESEKIKYCH.
  1217 | D:1      | 1217 ||| READING scroll labelled ZEIDGH ORALER.
  1218 | D:1      | 1218 ||| DROPPING scroll of poison.
  1219 | D:1      | 1219 ||| DROPPING scroll of amnesia.
  1246 | D:2      | Reached skill level 4 in Ranged Weapons
  1349 | D:2      | Reached skill level 1 in Armour
  1404 | D:2      | Found a runed translucent door.
  1405 | D:2      | Noticed Crazy Yiuf
  1707 | D:2      | 1707 ||| UPGRADING to +0 pair of boots.
  1712 | D:2      | 1712 ||| READING scroll of enchant armour.
  1712 | D:2      | 1712 ||| ENCHANTING +0 pair of boots.
  1713 | D:2      | 1713 ||| UPGRADING to amulet of reflection.
  1718 | D:2      | 1718 ||| READING scroll labelled VESY WIRIPAUFE.
  1719 | D:2      | 1719 ||| DRINKING 2 inky potions.
  1828 | D:2      | 1828 ||| DRINKING 2 clear potions.
  1829 | D:2      | 1829 ||| DROPPING potion of berserk rage.
  1880 | D:3      | Reached XP level 4. HP: 36/36 MP: 4/4
  1932 | D:3      | Noticed Sigmund
  1945 | D:3      | HP: 8/36 [something (9)]
  1949 | D:3      | Slain by Sigmund

Levels and vault maps discovered:
D:1:      co_arrival_square_in_a_square_in_a_square, layout_loops_corners,
          serial_forest, infiniplex_forest_split,
          infiniplex_forest_clump_diagonal, infiniplex_forest_corner_1,
          infiniplex_forest_clump_curved, infiniplex_forest_end_2,
          infiniplex_forest_join, infiniplex_forest_lined_room_2,
          minmay_misc_feat_four_crosses
D:2:      layout_rooms, uniq_crazy_yiuf_cottage
D:3:      layout_basic, minmay_fractal_squares_diagonal_5, uniq_sigmund,
          uniq_grinder

Skill      XL: |  1  2  3 |
---------------+----------+-----
Ranged Weapons | 3 4 |  4.4
Fighting       | 2 |  2.0
Armour         | 1 |  1.0
Dodging        | |  2.1
Spellcasting   | |  1.0
Hexes          | |  2.0

Action                     |  1- 3 |  4- 6 || total
---------------------------+-------+-------++-------
   Fire: Sling             |   137 |    23 ||   160
    Use: Scroll            |     6 |       ||     6
         Potion            |     2 |       ||     2
 Armour: Robe              |     9 |       ||     9
         Ring mail         |    12 |     4 ||    16
  Dodge: Dodged            |    41 |     8 ||    49
  Block: Other             |     3 |     5 ||     8

Table legend:
 A = Non-vault XP
 B = Vault XP
 C = Vault XP percentage of total XP
 D = Non-vault monster count
 E = Vault monster count
 F = Vault count percentage of total count
                 A         B        C        D         E       F
            +---------+---------+-------+---------+---------+-------
      Total |     107 |       0 |   0.0 |      51 |       0 |   0.0
            +---------+---------+-------+---------+---------+-------
        D:1 |      46 |       0 |   0.0 |      25 |       0 |   0.0
        D:2 |      48 |       0 |   0.0 |      20 |       0 |   0.0
        D:3 |      13 |       0 |   0.0 |       6 |       0 |   0.0
            +---------+---------+-------+---------+---------+-------
